 Dungeon Crawl Stone Soup version 0.31-a0-435-g2c6fae2916 (webtiles) character file.

Game seed: 13789682852265771203

123 garrulousMonolith the Digger (level 5, -3/30 HPs)
             Began as a Gargoyle Earth Elementalist on Aug 1, 2023.
             Slain by a gnoll
             ... wielding a +0 flail
              (5 damage)
             ... on level 2 of the Dungeon.
             The game lasted 00:02:48 (1538 turns).

garrulousMonolith the Digger (GrEE)                 Turns: 1538, Time: 00:02:48

Health: -3/30      AC:  8    Str: 11    XL:     5   Next: 7%
Magic:  1/8        EV: 12    Int: 18    God:
Gold:   100        SH:  0    Dex: 16    Spells: 2/8 levels left

rFire   . . .        g - +1 dagger (speed)
rCold   . . .        (no shield)
rNeg    + . .        a - +0 robe
rPois   ∞            (no helmet)
rElec   +            n - +0 cloak
rCorr   .            (no gloves)
SInv    .            l - +0 pair of boots
Will    .....        (no amulet)
Stlth   ++           o - +6 ring of dexterity
HPRegen 0.25/turn    (no ring)
MPRegen 0.11/turn

%: no passive effects
@: no status effects
A: sickness immunity, AC +4, negative energy resistance 1, electricity
resistance, torment resistance 1, petrification resistance
a: no special abilities


You were on level 2 of the Dungeon.
You visited 1 branch of the dungeon, and saw 2 of its levels.

You collected 100 gold pieces.

Inventory:

Hand Weapons
 d - a +0 whip
 g - a +1 dagger of speed (weapon)
Armour
 a - a +0 robe (worn)
 l - a +0 pair of boots (worn)
 n - a +0 cloak (worn)
Jewellery
 o - a +6 ring of dexterity (left hand)
Wands
 k - a wand of paralysis (12)
Scrolls
 c - a scroll of identify
 f - a scroll of revelation {unknown}
 h - a scroll of poison {unknown}
Potions
 b - a potion of magic
 e - 3 potions of curing
 i - a potion of might {unknown}
 j - a potion of attraction {unknown}
 m - a potion of resistance {unknown}


   Skills:
 + Level 1.7 Fighting
 + Level 1.4 Armour
 + Level 2.0 Dodging
 - Level 2.1 Stealth
 + Level 2.4 Spellcasting
 + Level 1.0 Conjurations
 + Level 1.4 Transmutations
 * Level 4.7 Earth Magic


You had 2 spell levels left.
You knew the following spells:

 Your Spells              Type           Power      Damage    Failure   Level
a - Sandblast             Erth           38%        2d10      2%          1
b - Stone Arrow           Conj/Erth      24%        3d8       16%         3
c - Passwall              Tmut/Erth      10%        N/A       8%          2

Your spell library contained the following spells:

 Spells                   Type           Power      Damage    Failure   Level
 Summon Small Mammal      Summ           8%         N/A       17%         1
 Momentum Strike          Conj/Tloc      8%         3d8       22%         2
 Blink                    Tloc           4%         N/A       26%         2
 Lesser Beckoning         Tloc           4%         N/A       26%         2
 Petrify                  Tmut/Erth      13%        N/A       43%         4
 Call Canine Familiar     Summ           2%         N/A       45%         3
 Summon Guardian Golem    Hex/Summ       2%         N/A       45%         3


Dungeon Overview and Level Annotations

Branches:
Dungeon (2/15)

Altars:

Shops:
D:1 (!!


Innate Abilities, Weirdness & Mutations

You are immune to sickness and miasma.
Your stone body is resilient. (AC +4)
You are immune to poison.
You resist negative energy. (rN+)
You are resistant to electric shocks. (rElec)
You are resistant to unholy torment.
You are immune to petrification.


Message History

There is a stone staircase leading up here.
Casting: Sandblast (safe; 2% risk of failure)
Confirm with . or Enter, or press ? or * to list all spells.
Aiming: Sandblast (safe; 2% risk of failure)
Press: ? - help, Shift-Dir - straight line, f - gnoll
Aim: a gnoll, wielding a +0 whip (84% to hit)
The blast of sand hits the gnoll.
The gnoll is heavily wounded.
The gnoll misses you. The gnoll closely misses you.
Casting: Sandblast (safe; 2% risk of failure)
Confirm with . or Enter, or press ? or * to list all spells.
Aiming: Sandblast (safe; 2% risk of failure)
Press: ? - help, Shift-Dir - straight line, f/p - gnoll
Aim: a gnoll, wielding a +0 whip (heavily wounded, 84% to hit)
The blast of sand hits the gnoll.
The gnoll is heavily wounded.
The gnoll hits you but does no damage. The gnoll hits you with a +0 flail.
The gnoll hits you with a +0 whip. The gnoll hits you with a +0 flail.
Casting: Sandblast (safe; 2% risk of failure)
Confirm with . or Enter, or press ? or * to list all spells.
Aiming: Sandblast (safe; 2% risk of failure)
Press: ? - help, Shift-Dir - straight line, f/p - gnoll
Aim: a gnoll, wielding a +0 whip (heavily wounded, 84% to hit)
The blast of sand hits the gnoll.
You kill the gnoll!
The jackal bites you but does no damage.
The gnoll hits you with a +0 flail!
Your Conjurations skill increases to level 1!
You have reached level 5!
Casting: Sandblast (safe; 2% risk of failure)
Confirm with . or Enter, or press ? or * to list all spells.
Aiming: Sandblast (safe; 2% risk of failure)
Press: ? - help, Shift-Dir - straight line, f - jackal
Aim: a jackal (77% to hit)
The blast of sand hits the jackal!
You kill the jackal!
The gnoll hits you with a +0 flail!
* * * LOW HITPOINT WARNING * * *
The gnoll completely misses you. The gnoll hits you with a +0 flail.
You die...

#..........).......######.
#.............##...#### ##
#...............##....# #.
#.......###'###'##....# #.
#.......###...........# #.
##....#...............#...
#....(..##...........#...
#.....#.##.h......####...
#.......@#....(...#
#........gg......g.#
#.........#.#'#'#....#
#.....###.......#.....'.
#...... ......###.....#g..
##.....######...+.....# ..
##.. #...#.....#
...#...... .......#..


You could see 2 gnolls.

Vanquished Creatures
  6 gnolls
  An adder (D:2)
  2 bats
  5 endoplasms (D:1)
  5 giant cockroaches
  A goblin (D:1)
  4 hobgoblins
  7 jackals
  6 kobolds
  4 quokkas
  5 ball pythons
  3 frilled lizards
  4 rats
53 creatures vanquished.

Notes
Turn   | Place    | Note
-------+----------+-------------------------------------------
     0 | D:1      | garrulousMonolith the Gargoyle Earth Elementalist began the
                  | quest for the Orb.
     0 | D:1      | Reached XP level 1. HP: 10/10 MP: 3/3
    95 | D:1      | Found a faded altar of an unknown god.
   200 | D:1      | Reached XP level 2. HP: 13/16 MP: 3/5
   258 | D:1      | Found Evoop's Distillery.
   418 | D:1      | Reached skill level 4 in Earth Magic
   483 | D:1      | Found Caff's Distillery.
   504 | D:1      | Reached skill level 1 in Transmutations
   546 | D:1      | Reached skill level 1 in Armour
   656 | D:1      | Reached XP level 3. HP: 20/20 MP: 4/6
   660 | D:1      | Learned a level 3 spell: Stone Arrow
   663 | D:1      | Learned a level 2 spell: Passwall
   877 | D:1      | Reached skill level 1 in Fighting
   886 | D:1      | Found Kelomuraa's Antique Weapon Boutique.
   911 | D:1      | Found Qaol Tyh's Distillery.
  1223 | D:2      | Reached XP level 4. HP: 25/25 MP: 2/7
  1538 | D:2      | Reached skill level 1 in Conjurations
  1538 | D:2      | Reached XP level 5. HP: 11/30 MP: 2/8
  1538 | D:2      | Slain by a gnoll

Illustrated notes

Levels and vault maps discovered:
D:1:      matt_arrival_grand_opening, layout_loops_ring, serial_shops, shop,
          shop, nicolae_shop_statue_plus, shop, chequers_ecumenical_altar_island
D:2:      layout_basic

Skill      XL: |  1  2  3  4 |
---------------+-------------+-----
Earth Magic    | 4 |  4.7
Transmutations | 1 |  1.4
Armour         | 1 |  1.4
Fighting       | 1 |  1.7
Dodging        | 2 |  2.0
Conjurations   | 1 |  1.0
Stealth        | |  2.1
Spellcasting   | |  2.4

Action                     |  1- 3 |  4- 6 || total
---------------------------+-------+-------++-------
  Melee: Unarmed           |     4 |       ||     4
         Dagger            |     3 |     5 ||     8
   Cast: Sandblast         |    51 |    21 ||    72
    Use: Scroll            |       |     1 ||     1
 Armour: Robe              |     8 |    22 ||    30
  Dodge: Dodged            |    11 |    35 ||    46

Table legend: (Time is in decaauts)
 A = Elapsed time spent in this place.
 B = Non-inter-level travel time spent in this place.
 C = Inter-level travel time spent in this place.
 D = Time resting spent in this place.
 E = Time spent auto-exploring this place.
 F = Levels seen in this place.
 G = Mean time per level.
                   A        B        C        D        E       F      G
               +--------+--------+--------+--------+--------+-----+--------+
         Total |   1578 |   1541 |     37 |    180 |    973 |   2 |  789.0 |
       Dungeon |   1578 |   1541 |     37 |    180 |    973 |   2 |  789.0 |
               +--------+--------+--------+--------+--------+-----+--------+

Top non-repeatable levels by time:
     D:1: 1144 daAuts
     D:2: 433 daAuts
